 Dungeon Crawl Stone Soup version 0.30.0-5-g1a98f26d00 (webtiles) character file.

Game seed: 6430093177851627980

3593 Brutalitops the Arsonist (level 10, -1/58 HPs)
             Began as a Kobold Cinder Acolyte on May 12, 2023.
             Was a Priest of Ignis.
             Slain by a wraith (7 damage)
             ... on level 9 of the Dungeon on May 13, 2023.
             The game lasted 00:33:34 (10197 turns).

Brutalitops the Arsonist (Kobold Cinder Acolyte)   Turns: 10197, Time: 00:33:35

Health: -1/58      AC: 14    Str: 12    XL:     10   Next: 31%
Magic:  21/21      EV: 14    Int: 19    God:    Ignis [***...]
Gold:   497        SH:  0    Dex: 11    Spells: 22/24 levels left

rFire   + + .        g - +4 dagger (protect)
rCold   . . .        (no shield)
rNeg    . . .        f - +1 leather armour {rF+}
rPois   .            j - +2 helmet
rElec   .            (no cloak)
rCorr   .            (no gloves)
SInv    .            (no boots)
Will    .....        (no amulet)
Stlth   ++++         (no ring)
HPRegen 0.29/turn    (no ring)
MPRegen 0.17/turn

%: no passive effects
@: under a protective aura, slowed, very slow
A: small, no large weapons, nightstalker 3, subdued magic 1
a: Renounce Religion, Fiery Armour, Foxfire Swarm, Rising Flame


You were on level 9 of the Dungeon.
You worshipped Ignis.
Ignis was most pleased with you.
You visited 1 branch of the dungeon, and saw 9 of its levels.

You collected 1589 gold pieces.
You spent 1092 gold pieces at shops.

Inventory:

Hand Weapons
 a - a +0 short sword of flaming
 g - a +4 dagger of protection (weapon)
 h - a +2 dagger of draining
 l - a +1 whip of freezing
 w - a +0 rapier
 x - a +3 long sword
Armour
 d - a +0 ring mail
 f - a +1 leather armour of fire resistance (worn)
 j - a +2 helmet (worn)
Jewellery
 o - an amulet of faith
Wands
 y - a wand of mindburst (9)
Scrolls
 p - a scroll of immolation
 s - 3 scrolls of butterflies
Potions
 b - 2 potions of berserk rage {unknown}
 c - 4 potions of haste
 e - 2 potions of might {unknown}
 i - 5 potions of attraction
 k - a potion of cancellation {unknown}
 r - 3 potions of curing
 t - a potion of flight {unknown}
 u - a potion of ambrosia
 v - a potion of magic {unknown}
 z - a potion of lignification {unknown}


   Skills:
 + Level 4.8 Fighting
 + Level 6.9 Short Blades
 + Level 3.1 Armour
 + Level 3.9 Dodging
 + Level 7.4 Stealth
 + Level 7.5 Spellcasting
 + Level 8.2 Fire Magic


You had 22 spell levels left.
You knew the following spells:

 Your Spells              Type           Power      Damage    Failure   Level
a - Scorch                Fire           58%        2d7       1%          2

Your spell library contained the following spells:

 Spells                   Type           Power      Damage    Failure   Level
 Ensorcelled Hibernation  Hex/Ice        10%        N/A       16%         2
 Spider Form              Tmut/Pois      5%         N/A       32%         3
 Anguish                  Hex/Necr       2%         N/A       73%         4


Dungeon Overview and Level Annotations

Branches:
Dungeon (9/15)             Temple (0/1) D:5            Lair (0/5) D:8
    Orc: D:9-12

Altars:
Ashenzari
Fedhas
Kikubaaqudgha
Okawaru
Ru
Uskayaw

Shops:
D:1 =


Innate Abilities, Weirdness & Mutations

You are small and have problems with some larger weapons.
You are completely attuned to the shadows.
Your spells are a little easier to cast, but a little less powerful.


Message History

The wraith is severely damaged.
The wraith hits you.
* * * LOW HITPOINT WARNING * * *
The wraith drains your vigour!
You feel as though you will be slow longer.
You barely miss the wraith.
The wraith is severely damaged.
The wraith misses you.
You hit the wraith.
Your weapon exudes an aura of protection.
The wraith is severely damaged.
The wraith closely misses you.
You hit the wraith but do no damage.
The wraith is severely damaged.
The wraith hits you.
* * * LOW HITPOINT WARNING * * *
The wraith drains your vigour!
You feel as though you will be slow longer.
You hit the wraith but do no damage.
The wraith is severely damaged.
The wraith hits you but does no damage.
You hit the wraith but do no damage.
The wraith is severely damaged.
The wraith closely misses you.
You hit the wraith.
The wraith is almost destroyed.
The wraith barely misses you.
You hit the wraith.
The wraith is almost destroyed.
The wraith barely misses you.
You hit the wraith but do no damage.
The wraith is almost destroyed.
The wraith hits you.
* * * LOW HITPOINT WARNING * * *
The wraith drains your vigour!
You feel as though you will be slow longer.
You hit the wraith but do no damage.
The wraith is almost destroyed.
The wraith hits you!
You die...

...# ...# ...# ...#
##..###.# ..##
##....###.# ..##
#..##.###.# ...####.#
#..#..#
........###..#..###..
...####...#.._..@W...
..>##........#..##..#
...##........#..# ##
..###.......###...
#.......###...
.......##


You could see a wraith.

Vanquished Creatures
  A troll (D:8)
  3 yaks (D:8)
  A steam dragon (D:8)
  2 orc warriors
  2 black bears
  3 sky beasts
  2 wolves (D:8)
  2 centaurs
  A phantom (D:7)
  A kobold brigand (D:5)
  2 bullfrogs (D:8)
  A gnoll sergeant (D:7)
  A scorpion (D:5)
  4 wights
  4 electric eels (D:8)
  9 hounds
  2 jellies
  4 orc priests
  3 gnoll boudas
  4 sleepcaps
  2 iguanas
  3 orc wizards
  10 adders
  16 gnolls
  A white imp (D:6)
  An ufetubus (D:5)
  3 dart slugs
  20 orcs
  5 endoplasms
  3 giant cockroaches
  3 goblins
  5 hobgoblins
  6 jackals (D:3)
  14 kobolds
  2 quokkas (D:4)
  8 ball pythons
  3 bats
  2 frilled lizards
  11 rats
170 creatures vanquished.

Vanquished Creatures (others)
  40 foxfires
40 creatures vanquished.

Grand Total: 210 creatures vanquished

Notes
Turn   | Place    | Note
-------+----------+-------------------------------------------
     0 | D:1      | Brutalitops the Kobold Cinder Acolyte began the quest for
                  | the Orb.
     0 | D:1      | Reached XP level 1. HP: 14/14 MP: 2/2
   140 | D:1      | Reached XP level 2. HP: 19/19 MP: 3/3
   245 | D:1      | Learned a level 2 spell: Scorch
   485 | D:1      | You fall into a shaft and drop 1 floor!
   537 | D:2      | Reached skill level 1 in Stealth
   537 | D:2      | Reached XP level 3. HP: 14/23 MP: 1/4
  1028 | D:2      | Reached skill level 5 in Short Blades
  1087 | D:2      | Reached XP level 4. HP: 22/28 MP: 3/6
  1516 | D:1      | Found Xoihunae's Jewellery Boutique.
  2379 | D:3      | Found a faded altar of an unknown god.
  2534 | D:3      | Reached XP level 5. HP: 32/32 MP: 0/7
  3541 | D:5      | Entered Level 5 of the Dungeon
  3551 | D:5      | Reached skill level 1 in Dodging
  3614 | D:5      | Noticed a black bear
  3622 | D:5      | Killed a black bear
  3623 | D:5      | Reached skill level 1 in Armour
  3623 | D:5      | Reached XP level 6. HP: 28/38 MP: 1/9
  3867 | D:5      | Reached XP level 7. HP: 42/42 MP: 10/10
  4048 | D:5      | Reached skill level 5 in Stealth
  4198 | D:5      | Reached skill level 4 in Fire Magic
  4994 | D:5      | Found a staircase to the Ecumenical Temple.
  5193 | D:5      | Identified a scroll of acquirement
  5193 | D:5      | Acquired 1080 gold pieces
  5276 | D:1      | Bought a +4 ring of slaying for 1092 gold pieces
  5431 | D:6      | Reached XP level 8. HP: 47/48 MP: 9/13
  5821 | D:6      | Found an ancient bone altar of Kikubaaqudgha.
  5821 | D:6      | Found an iron altar of Okawaru.
  5821 | D:6      | Found a sacrificial altar of Ru.
  6762 | D:7      | Reached skill level 5 in Fire Magic
  7105 | D:7      | Reached XP level 9. HP: 52/52 MP: 15/15
  7663 | D:7      | Reached skill level 5 in Spellcasting
  7850 | D:8      | Reached skill level 6 in Fire Magic
  8070 | D:8      | Found a blossoming altar of Fedhas.
  8136 | D:8      | Noticed a troll
  8465 | D:8      | Reached skill level 7 in Fire Magic
  8518 | D:8      | Reached XP level 10. HP: 10/58 MP: 2/19
  9511 | D:8      | Reached skill level 8 in Fire Magic
  9656 | D:8      | Found a hide-covered altar of Uskayaw.
  9844 | D:8      | Found a staircase to the Lair.
 10057 | D:8      | Gained mutation: You are agile. (Dex +4, Str/Int -1)
                  | [potion of mutation]
 10057 | D:8      | Gained mutation: Your spells are a little easier to cast,
                  | but a little less powerful. [potion of mutation]
 10058 | D:8      | Lost mutation: Your spells are a little easier to cast, but
                  | a little less powerful. [potion of mutation]
 10058 | D:8      | Lost mutation: You are agile. (Dex +4, Str/Int -1) [potion
                  | of mutation]
 10058 | D:8      | Gained mutation: Your magical capacity is low. (-10% MP)
                  | [potion of mutation]
 10058 | D:8      | Gained mutation: You are vulnerable to heat. (rF-) [potion
                  | of mutation]
 10058 | D:8      | Gained mutation: You are somewhat resistant to further
                  | mutation. [potion of mutation]
 10059 | D:8      | Lost mutation: You are somewhat resistant to further
                  | mutation. [potion of mutation]
 10059 | D:8      | Lost mutation: Your magical capacity is low. (-10% MP)
                  | [potion of mutation]
 10059 | D:8      | Lost mutation: You are vulnerable to heat. (rF-) [potion of
                  | mutation]
 10059 | D:8      | Gained mutation: Your spells are a little easier to cast,
                  | but a little less powerful. [potion of mutation]
 10141 | D:9      | Found a broken altar of Ashenzari.
 10197 | D:9      | Slain by a wraith

Illustrated notes

Levels and vault maps discovered:
D:1:      dpeg_arrival_ratfight, layout_loops_cross, serial_shops,
          nicolae_shop_tiny_statue_garden, serial_park_tiny_1
D:2:      layout_basic, chequers_garden, dk_vineyard_3, wad_orctagon
D:3:      layout_rooms, nicolae_ecumenical_oubliette, nicolae_figureground_pulse
D:4:      layout_rooms
D:5:      layout_basic, minmay_temple_entry_drinking_statues, nicolae_half_adder
D:6:      layout_loops_corners, gammafunk_temple_overflow_claw
D:7:      layout_basic
D:8:      layout_basic, mainiacjoe_overflow_catwalk_spiral, erik_lair_island
D:9:      layout_rooms, cheibrodos_ashenzari_chains, david_orc_4,
          serial_bayou_lake_a

Skill      XL: |  1  2  3  4  5  6  7  8  9 10 |
---------------+-------------------------------+-----
Stealth        | 1 2 4 5 7 |  7.4
Short Blades   | 5 6 |  6.9
Dodging        | 1 2 3 |  3.9
Armour         | 1 2 3 |  3.1
Spellcasting   | 2 3 4 6 7 |  7.5
Fire Magic     | 4 5 7 8 |  8.2
Fighting       | 4 |  4.8

Action                     |  1- 3 |  4- 6 |  7- 9 | 10-12 || total
---------------------------+-------+-------+-------+-------++-------
  Melee: Short sword       |    72 |    92 |    49 |       ||   213
         Punch             |     1 |     2 |     5 |       ||     8
         Dagger            |       |       |   196 |    71 ||   267
   Cast: Scorch            |    12 |    14 |    88 |    47 ||   161
 Invoke: Fiery Armour      |       |       |     2 |       ||     2
         Foxfire Swarm     |       |       |     3 |       ||     3
  Evoke: Wand              |       |       |     1 |       ||     1
    Use: Scroll            |       |     9 |    10 |       ||    19
         Potion            |       |       |     4 |     4 ||     8
   Stab: Sleeping          |     7 |    26 |    20 |       ||    53
 Armour: Robe              |     5 |       |       |       ||     5
         Leather armour    |       |    12 |    98 |    23 ||   133
  Dodge: Dodged            |    31 |    46 |   127 |    41 ||   245
